 Dungeon Crawl Stone Soup version 0.23-a0-650-ga4d50d4 (webtiles) character file.

15810 ohad the Severer (level 12, 0/106 HPs)
             Began as a Hill Orc Gladiator on Dec 31, 2018.
             Was an Elder of Makhleb.
             Slain by a gnoll sergeant
             ... wielding a +2 spear of piercing
              (2 damage)
             ... on level 11 of the Dungeon on Jan 2, 2019.
             The game lasted 00:39:49 (14394 turns).

ohad the Severer (Hill Orc Gladiator)              Turns: 14394, Time: 00:39:50

Health: 0/106      AC: 16    Str: 18    XL:     12   Next: 30%
Magic:  15/15      EV: 12    Int:  8    God:    Makhleb [****..]
Gold:   235        SH:  0    Dex: 19    Spells: 11/11 levels left

rFire    . . .     SeeInvis .   M - +2 battleaxe (chop)
rCold    . . .     Gourm    .   (shield currently unavailable)
rNeg     . . .     Faith    +   b - +1 chain mail of Amorality {+Fly}
rPois    +         Spirit   .   c - +0 helmet
rElec    .         Reflect  .   Q - +0 cloak
rCorr    .         Harm     .   J - +0 pair of gloves
MR       .....                  h - +0 pair of boots
Stlth    ..........             j - amulet of faith
HPRegen  0.27/turn              x - +3 ring of dexterity
MPRegen  0.14/turn              u - ring of poison resistance

@: no status effects
A: no striking features
a: Minor Destruction, Lesser Servant of Makhleb, Major Destruction, Renounce
Religion, Evoke Flight


You were on level 11 of the Dungeon.
You worshipped Makhleb.
Makhleb was greatly pleased with you.
You were not hungry.

You visited 3 branches of the dungeon, and saw 13 of its levels.

You collected 787 gold pieces.
You spent 552 gold pieces at shops.

Inventory:

Hand Weapons
 a - a +0 war axe
 r - a +0 blowgun
 D - a +3 whip of electrocution
 G - a +1 dire flail of holy wrath
 M - a +2 battleaxe of chopping (weapon)
Missiles
 n - 2 curare-tipped needles
 s - 30 poisoned needles
 t - a throwing net (quivered)
 F - 14 tomahawks
Armour
 b - the +1 chain mail of Amorality (worn) {+Fly}
   (You bought it in a shop on level 9 of the Dungeon)

   It lets you fly.
 c - a +0 helmet (worn)
 d - a +0 plate armour
 h - a +0 pair of boots (worn)
 l - a +0 chain mail
 J - a +0 pair of gloves (worn)
 K - a +2 cloak of poison resistance
 Q - a +0 cloak (worn)
 S - the +1 ring mail of Benevolence {rN+ MP+9 Slay+2}
   (You found it on level 10 of the Dungeon)

   It affects your accuracy and damage with ranged weapons and melee attacks
   (+2).
   It protects you from negative energy.
   It affects your magic capacity (+9).
Jewellery
 j - an amulet of faith (around neck)
 m - an uncursed ring of see invisible
 u - a ring of poison resistance (right hand)
 x - a +3 ring of dexterity (left hand)
 C - an uncursed ring of fire
 I - an uncursed ring of wizardry
 T - an uncursed ring of protection from fire {unknown}
Wands
 o - a wand of random effects (18)
Scrolls
 e - 7 scrolls of remove curse
 g - 3 scrolls of enchant armour {unknown}
 i - 2 scrolls of noise {unknown}
 p - 2 scrolls of teleportation
 q - 2 scrolls of magic mapping {unknown}
 y - 2 scrolls of immolation {unknown}
 z - 3 scrolls of fog {unknown}
 A - 2 scrolls of blinking {unknown}
 B - a scroll of random uselessness
 N - 3 scrolls of identify
 O - a scroll of vulnerability {unknown}
 P - a scroll of enchant weapon
 U - a scroll of amnesia {unknown}
Potions
 v - a potion of magic
 w - 3 potions of curing
 E - 2 potions of brilliance
 L - a potion of cancellation {unknown}
 R - a potion of berserk rage {unknown}
Comestibles
 f - 20 rations
 k - 6 chunks of flesh


   Skills:
 - Level 10.0 Fighting
 + Level 17.0 Axes
 - Level 1.7 Throwing
 - Level 7.2 Armour
 - Level 8.1 Dodging
 - Level 4.0 Invocations


You had 11 spell levels left.
You didn't know any spells.
Your spell library contained the following spells:

 Spells                   Type           Power        Failure   Level  Hunger
 Freeze                   Ice            #...         99%         1    ##.....
 Magic Dart               Conj           #...         99%         1    ##.....
 Searing Ray              Conj           #.....       100%        2    ###....
 Throw Frost              Conj/Ice       #.....       100%        2    ###....
 Dazzling Spray           Conj/Hex       #.....       100%        3    ####...
 Ozocubu's Armour         Chrm/Ice       #.......     100%        3    ####...
 Force Lance              Conj/Tloc      #.......     100%        4    #####..
 Fulminant Prism          Conj/Hex       #.........   100%        4    #####..
 Iskenderun's Mystic Bla  Conj           #.......     100%        4    #####..
 Summon Ice Beast         Ice/Summ       #.......     100%        4    #####..
 Throw Icicle             Conj/Ice       #.......     100%        4    #####..


Dungeon Overview and Level Annotations

Branches:
Dungeon (11/15)            Temple (1/1) D:7            Lair (1/6) D:11
    Orc (0/2) D:11

Altars:
Cheibriados
Dithmenos
Elyvilon
Fedhas
Gozag
Hepliaklqana
Kikubaaqudgha
Makhleb
Nemelex Xobeh
Okawaru
Qazlal
Ru
Sif Muna
Trog
Uskayaw
Wu Jian
Xom
Yredelemnul
The Shining One

Shops:
D:7 [   D:9 *


Message History

* * * LOW HITPOINT WARNING * * *
x2 A demon appears!
The gnoll completely misses you.
The gnoll sergeant hits you but does no damage. x2
The gnoll sergeant misses you.
The gnoll sergeant hits you but does no damage.
Your smoke demon hits the gnoll sergeant but does no damage. x3
There is an open door, spattered with blood here.
You see here a +0 war axe.
The gnoll sergeant hits your smoke demon with a +2 spear of piercing!
Your smoke demon hits the gnoll sergeant.
Your smoke demon barely misses the gnoll sergeant.
Your smoke demon hits the gnoll sergeant.
Items here: ) [[ † a +0 spear; a +0 ring mail; a +0 shield; a gnoll corpse The gnoll sergeant closely misses your smoke demon.
The gnoll hits you with a +0 halberd.
* * * LOW HITPOINT WARNING * * *
The gnoll sergeant hits you from afar with a +2 spear of piercing.
* * * LOW HITPOINT WARNING * * *
You die...

#....# #..# #...######
#..).# #......... #....#
......... #....#####.
..... #...>...... .....
#.....#.########.
#.....#.#8g..8#
#.....#.#3)...#
#....##)@g.>..#
#....##(#g)...# ...#
#....##.#8...8##...#
#....)#.#######....#
#..................#
#..................#
#............##...(#
#............##....#
..............##....######


You could see 2 gnoll sergeants, a gnoll and a friendly smoke demon.

Vanquished Creatures
  2 two-headed ogres
  A deep elf mage (D:11)
  2 ugly things (D:11)
  A black mamba (Lair:1)
  Joseph (D:8)
  3 spiny frogs (Lair:1)
  2 centaur skeletons
  4 komodo dragons (Lair:1)
  A troll (D:11)
  4 blink frogs (Lair:1)
  3 hippogriffs
  A spriggan (D:9)
  2 wyverns
  6 yaks (D:11)
  A steam dragon (D:7)
  3 hungry ghosts
  Menkaure (D:6)
  Edmund (D:6)
  Duvessa (D:6)
  3 porcupines (Lair:1)
  5 orc warriors
  4 sky beasts
  A black bear (D:10)
  9 ogres
  4 phantoms
  A necrophage (D:9)
  3 ice beasts
  5 centaurs
  3 crocodiles (Lair:1)
  5 big kobolds (D:11)
  6 bullfrogs
  3 gnoll sergeants
  Dowan (D:6)
  3 scorpions
  9 killer bees
  3 howler monkeys
  5 jellies
  3 crimson imps
  A bullfrog zombie (D:8)
  A bullfrog skeleton (D:8)
  5 orc priests
  5 hounds
  A gnoll shaman (D:3)
  2 iguanas
  13 orc wizards
  6 worker ants
  A hound zombie (D:7)
  A hound skeleton (D:8)
  18 gnolls
  12 adders
  2 shadow imps
  3 oozes
  An adder zombie (D:8)
  2 adder skeletons
  4 worms
  2 dart slugs
  11 leopard geckos
  27 orcs
  4 giant cockroaches
  7 goblins
  7 hobgoblins
  12 jackals
  11 kobolds
  6 quokkas
  A ball python skeleton (D:6)
  7 bats
  A frilled lizard (D:3)
  A hobgoblin zombie (D:6)
  A jackal zombie (D:6)
  9 rats
  A spectral orc (D:3)
  A fungus (Lair:1)
303 creatures vanquished.

Notes
Turn   | Place    | Note
-------+----------+-------------------------------------------
     0 | D:1      | ohad the Hill Orc Gladiator began the quest for the Orb.
     0 | D:1      | Reached XP level 1. HP: 18/18 MP: 1/1
   194 | D:1      | Reached XP level 2. HP: 25/25 MP: 2/2
   228 | D:1      | Reached skill level 5 in Axes
   801 | D:2      | Reached XP level 3. HP: 24/30 MP: 3/3
   989 | D:2      | Reached skill level 1 in Armour
  1770 | D:3      | Reached XP level 4. HP: 37/37 MP: 4/4
  1782 | D:3      | Found a sacrificial altar of Ru.
  1885 | D:3      | Found a shimmering altar of Xom.
  2012 | D:3      | Reached skill level 6 in Axes
  2329 | D:3      | Reached XP level 5. HP: 35/42 MP: 5/5
  2528 | D:3      | Reached skill level 7 in Axes
  2707 | D:3      | Found a basalt altar of Yredelemnul.
  2966 | D:4      | Found a bloodstained altar of Trog.
  2983 | D:4      | Noticed an ice beast
  3001 | D:3      | Reached skill level 8 in Axes
  3001 | D:3      | Reached XP level 6. HP: 44/50 MP: 6/6
  3061 | D:3      | Killed an ice beast
  3065 | D:3      | Reached skill level 9 in Axes
  3153 | D:4      | Reached XP level 7. HP: 52/56 MP: 7/7
  3655 | D:3      | Reached skill level 10 in Axes
  4007 | D:4      | You fall through a shaft for 2 floors!
  4021 | D:6      | Reached skill level 11 in Axes
  4080 | D:6      | Noticed Menkaure
  4085 | D:5      | Entered Level 5 of the Dungeon
  4088 | D:5      | Found an ornate altar of the Wu Jian Council.
  4208 | D:5      | Found a blossoming altar of Fedhas.
  4276 | D:5      | Reached XP level 8. HP: 51/62 MP: 8/8
  4328 | D:5      | Reached skill level 12 in Axes
  4815 | D:5      | Found a hazy altar of Hepliaklqana.
  5580 | D:4      | Reached skill level 13 in Axes
  5926 | D:6      | Noticed Duvessa
  5926 | D:6      | Noticed Dowan
  6123 | D:5      | HP: 2/62 [orc warrior/+0 long sword (16)]
  6750 | D:6      | Killed Duvessa
  6750 | D:6      | Reached skill level 14 in Axes
  6750 | D:6      | Reached XP level 9. HP: 60/68 MP: 9/9
  6758 | D:6      | Killed Dowan
  6910 | D:6      | Noticed Edmund
  6935 | D:6      | Killed Edmund
  7449 | D:6      | Killed Menkaure
  7857 | D:6      | Found a snail-covered altar of Cheibriados.
  8176 | D:7      | Found a staircase to the Ecumenical Temple.
  8197 | Temple   | Entered the Ecumenical Temple
  8204 | Temple   | Became a worshipper of Makhleb the Destroyer
  8291 | D:7      | Reached skill level 5 in Armour
  8335 | D:7      | Found a stormy altar of Qazlal.
  8458 | D:7      | Found a sparkling altar of Nemelex Xobeh.
  8569 | D:7      | Found Enkod's Armour Shop.
  8572 | D:7      | Bought a +2 cloak of poison resistance for 277 gold pieces
  8890 | D:8      | Found a shadowy altar of Dithmenos.
  8961 | D:8      | Reached * piety under Makhleb
  8971 | D:8      | Reached skill level 15 in Axes
  9056 | D:8      | Reached XP level 10. HP: 59/74 MP: 10/10
  9238 | D:8      | Noticed Joseph
  9254 | D:8      | Killed Joseph
  9619 | D:9      | Reached skill level 16 in Axes
  9637 | D:9      | Upgraded the game from 0.23-a0-643-g9ccc95a to
                  | 0.23-a0-650-ga4d50d4
  9979 | D:9      | Found Derauwne's Assorted Antiques.
  9987 | D:9      | Bought a faintly humming chain mail for 275 gold pieces
  9997 | D:9      | Identified the +1 chain mail of Amorality {+Fly} (You
                  | bought it in a shop on level 9 of the Dungeon)
 10011 | D:9      | Reached ** piety under Makhleb
 10259 | D:10     | Entered Level 10 of the Dungeon
 10461 | D:10     | Noticed a two-headed ogre
 10594 | D:10     | Got a smoking ring mail
 10605 | D:10     | Identified the cursed +1 ring mail of Benevolence {rN+ MP+9
                  | Slay+2} (You found it on level 10 of the Dungeon)
 10636 | D:10     | Reached skill level 5 in Fighting
 10641 | D:10     | HP: 2/81 [two-headed ogre/+0 giant spiked club (14)]
 11378 | D:11     | Noticed a two-headed ogre
 11379 | D:11     | Noticed a deep elf mage
 11424 | D:11     | Found a staircase to the Lair.
 11424 | D:11     | Noticed a purple ugly thing
 11429 | D:11     | Killed a purple ugly thing
 11455 | Lair:1   | Entered Level 1 of the Lair of Beasts
 11470 | Lair:1   | Reached XP level 11. HP: 69/95 MP: 11/11
 11565 | Lair:1   | Reached skill level 10 in Fighting
 11648 | Lair:1   | Reached *** piety under Makhleb
 12291 | Lair:1   | Reached skill level 5 in Dodging
 12636 | Lair:1   | Noticed a seven-headed hydra
 12709 | D:11     | Noticed a purple ugly thing
 13016 | D:11     | Reached skill level 1 in Invocations
 13034 | D:11     | Noticed a seven-headed hydra
 13089 | D:11     | Killed a purple ugly thing
 13344 | D:11     | Killed a two-headed ogre
 13765 | D:11     | Reached XP level 12. HP: 91/106 MP: 15/15
 13932 | D:11     | Reached **** piety under Makhleb
 14182 | D:10     | Killed a two-headed ogre
 14352 | D:11     | Found a staircase to the Orcish Mines.
 14387 | D:11     | Reached skill level 17 in Axes
 14394 | D:11     | HP: 2/106 [gnoll sergeant/+2 spear of piercing (6)]
 14394 | D:11     | Slain by a gnoll sergeant

Vault maps used:
D:1:      lightli_arrival_noodles
D:3:      old_standard_altar, yredelemnul_forgotten_temple_becter,
          serial_co_window_serial, co_window_corner_a,
          co_window_of_opportunity_a, co_window_cross_1, co_window_corner_a,
          co_window_corner_a, co_window_paths_c, co_window_cross_4,
          co_window_unsneaky_path_c, co_window_broadway_a, co_window_corner_b,
          glass_columns_a, glass_columns_a, xom_teletrap_fun
D:4:      overflow_temple_1_default
D:5:      nicolae_overflow_hidden_temple, lemuel_round_altar, first_ration,
          fedhas_bush_and_centaur_altar
D:6:      kennysheep_slug_shrine, enter_ossuary_3, uniq_duvessa, uniq_edmund,
          uniq_menkaure
D:7:      minmay_flawed_box, nicolae_qazlal_style_of_elements,
          overflow_temple_1_default, minmay_temple_entry_water_ring,
          serial_shops, nicolae_shop_trees
D:8:      marbit_many_paths, uniq_joseph
D:9:      serial_shops, shop, the_bakery
D:11:     lair_entry_dummy, kennysheep_orc_monster_closet_entryway, basic_altar,
          kennysheep_nondescript
Temple:   nicolae_temple_x_marks_the_god
Lair:1:   grunt_megastairs_1, infiniplex_staircase_pool, lemuel_fruit_tree

Skill      XL: |  1  2  3  4  5  6  7  8  9 10 11 12 |
---------------+-------------------------------------+-----
Axes           | 5 6 8 9 11 14 15 16 17 | 17.0
Armour         | 2 7 |  7.2
Fighting       | 8 10 | 10.0
Dodging        | 7 8 |  8.1
Invocations    | 4 |  4.0
Throwing       | |  1.7

Action                   |  1- 3 |  4- 6 |  7- 9 | 10-12 || total
-------------------------+-------+-------+-------+-------++-------
Melee: War axe           |   123 |   150 |   486 |       ||   759
       Battleaxe         |       |       |     2 |   404 ||   406
       Whip              |       |       |       |     4 ||     4
Throw: Throwing net      |       |       |     8 |     2 ||    10
Invok: Lesser Servant of |       |       |       |     1 ||     1
  Use: Scroll            |       |       |    11 |     3 ||    14
       Potion            |       |       |     2 |     6 ||     8
 Stab: Held in net/web   |       |       |     5 |     2 ||     7
  Eat: Chunk             |     3 |     4 |    20 |    14 ||    41
       Ration            |       |       |       |     3 ||     3
Armor: Leather armour    |    26 |       |       |       ||    26
       Chain mail        |    58 |   120 |   129 |   200 ||   507
       Plate armour      |       |       |   131 |    58 ||   189
       Ring mail         |       |       |       |     1 ||     1
Dodge: Dodged            |    73 |    73 |   172 |   210 ||   528

Table legend:
 A = Non-vault XP
 B = Vault XP
 C = Vault XP percentage of total XP
 D = Non-vault monster count
 E = Vault monster count
 F = Vault count percentage of total count
                 A         B        C        D         E       F
            +---------+---------+-------+---------+---------+-------
      Total |   18729 |    3858 |  17.1 |     264 |      38 |  12.6
            +---------+---------+-------+---------+---------+-------
        D:1 |      30 |       0 |   0.0 |      18 |       0 |   0.0
        D:2 |      50 |       0 |   0.0 |      26 |       0 |   0.0
        D:3 |     516 |       1 |   0.2 |      39 |       1 |   2.5
        D:4 |     416 |       0 |   0.0 |      13 |       0 |   0.0
        D:5 |    1092 |     115 |   9.5 |      29 |       1 |   3.3
        D:6 |     449 |     562 |  55.6 |      12 |       7 |  36.8
        D:7 |     478 |     265 |  35.7 |      10 |       7 |  41.2
        D:8 |     722 |     477 |  39.8 |      19 |       2 |   9.5
        D:9 |    1232 |     229 |  15.7 |      27 |       1 |   3.6
       D:10 |    2668 |       0 |   0.0 |      14 |       0 |   0.0
       D:11 |    5972 |    1459 |  19.6 |      35 |      17 |  32.7
     Lair:1 |    5104 |     750 |  12.8 |      22 |       2 |   8.3
            +---------+---------+-------+---------+---------+-------
